Map: Triton LE

Players

Rogue - Winner!

  • Race: Zerg Zerg
  • Spawn Location: 5:00

Reynor

  • Race: Zerg Zerg
  • Spawn Location: 11:00

Event: IEM Katowice 2020

VOD

Have the link to the VOD?

Description

Time

  • Played on: Feb. 27, 2020, 2:06 p.m.
  • Length: 12:00

All games in this series

Show
View Real Time Build Order
Export as new Build Order

Rogue Zerg - Winner!

Build Orders: Hatch First, Zergling Baneling 

Get SALT Encoding   

  12  0:00  Drone  
  13  0:12  Overlord  
  13  0:16  Drone  
  14  0:30  Drone x2  
  16  0:47  Hatchery  
  15  0:50  Drone  
  15  0:53  Drone  
  15  0:57  Drone  
  18  1:07  Extractor  
  17  1:12  Spawning Pool  
  17  1:15  Drone  
  18  1:18  Drone  
  18  1:27  Drone  
  19  1:38  Drone  
  20  1:49  Drone  
  21  1:58  Queen x2  
  21  2:00  Drone, Overlord  
  26  2:11  Metabolic Boost  
  26  2:13  Zergling x2, Drone  
  28  2:21  Drone x2  
  30  2:33  Hatchery  
  30  2:35  Drone  
  30  2:38  Drone  
  30  2:43  Queen  
  33  2:51  Baneling Nest  
  33  2:53  Overlord  
  33  2:56  Drone  
  33  2:58  Zergling x2  
  34  3:04  Drone x2  
  36  3:12  Drone x4  
  40  3:13  Zergling x2  
  40  3:15  Zergling x2  
  40  3:19  Drone  
  43  3:22  Overlord  
  43  3:24  Drone  
  44  3:28  Evolution Chamber  
  44  3:33  Drone  
  44  3:40  Baneling  
  44  3:41  Drone  
  44  3:42  Drone x3  
  44  3:43  Drone  
  44  3:46  Extractor  
  44  3:47  Roach Warren  
  47  3:51  Zergling x4  
  47  3:53  Drone  
  47  3:54  Drone  
  51  3:58  Drone x2  
  51  4:01  Overlord  
  53  4:13  Overlord x2  
  53  4:17  Overlord  
  53  4:26  Roach Warren  
  53  4:28  Roach x2  
  53  4:29  Roach x3  
  62  4:33  Roach x2  
  66  4:39  Roach x2  
  66  4:41  Roach  
  72  4:46  Zergling x8  
  75  4:54  Zergling x6  
  75  4:55  Zergling x4  
  75  4:59  Baneling x8  
  81  5:00  Zergling x6  
  81  5:04  Overlord  
  81  5:06  Zergling x4  
  86  5:12  Zergling x8  
  89  5:15  Zergling x2  
  90  5:23  Zergling x2  
  90  5:24  Zergling x2  
  90  5:26  Zergling x6  
  90  5:28  Zergling x2  
  87  5:30  Zergling x2  
  87  5:31  Zergling x8  
  87  5:32  Ravager  
  87  5:34  Zergling x2  
  87  5:35  Zergling x2  
  89  5:38  Zergling x2  
  89  5:39  Zergling x2  
  90  5:44  Zergling x4  
  92  5:50  Zerg Missile Weapons Level 1  
  92  5:53  Ravager  
  92  5:54  Zergling x2  
  92  5:55  Zergling x4  
  96  6:00  Zergling x2  
  93  6:04  Zergling x8  
  93  6:05  Zergling x6  
  93  6:09  Ravager  
  93  6:10  Zergling x2  
  95  6:15  Zergling x4  
  95  6:16  Zergling x2  
  95  6:17  Zergling x2  
  94  6:24  Zergling x2  
  95  6:27  Zergling x2  
  95  6:30  Extractor  
  95  6:32  Extractor  
  93  6:33  Drone  
  93  6:34  Drone x3, Overlord  
  93  6:39  Overlord  
  97  6:42  Overlord  
  97  6:46  Overlord  
  97  6:48  Baneling x2, Overlord  
  97  6:49  Overlord  
  97  6:57  Roach x4  
  105  7:02  Roach  
  105  7:03  Roach x4  
  105  7:05  Roach  
  105  7:07  Roach  
  119  7:09  Roach  
  119  7:12  Roach  
  119  7:14  Ravager  
  124  7:17  Roach  
  124  7:21  Roach x2  
  130  7:25  Roach x2  
  130  7:29  Roach  
  136  7:33  Overlord  
  136  7:38  Roach x2  
  136  7:41  Roach x2  
  136  7:43  Roach  
  146  7:47  Overlord  
  146  7:52  Zergling x2  
  146  7:53  Zergling x4  
  146  7:56  Baneling x5  
  146  7:57  Zergling x2  
  148  8:00  Zergling x2  
  148  8:02  Zergling x2  
  148  8:04  Zergling x2  
  151  8:06  Zergling x2  
  151  8:08  Ravager  
  153  8:13  Drone x4  
  153  8:19  Lair  
  130  8:27  Drone  
  130  8:28  Drone x5  
  116  8:35  Drone  
  116  8:36  Drone x4  
  116  8:39  Drone x2  
  116  8:40  Drone  
  110  8:42  Drone  
  110  8:46  Roach  
  110  8:47  Queen  
  106  8:54  Queen  
  99  8:59  Roach x2  
  99  9:01  Roach  
  97  9:08  Roach x2  
  87  9:11  Spore Crawler  
  87  9:12  Spore Crawler x2  
  80  9:20  Glial Reconstitution  
  80  9:21  Roach  
  80  9:22  Roach x4  
  80  9:23  Queen  
  92  9:24  Spore Crawler  
  92  9:28  Roach x2  
  92  9:30  Roach x2  
  99  9:34  Queen  
  101  9:40  Roach  
  101  9:41  Roach x2  
  101  9:44  Overlord  
  107  9:47  Nydus Network  
  107  9:49  Roach x2  
  110  9:54  Roach  
  110  9:55  Roach x2  
  116  10:00  Overlord x2  
  116  10:03  Roach  
  116  10:04  Roach  
  120  10:07  Overlord  
  120  10:16  Roach  
  120  10:18  Roach  
  120  10:19  Roach x3, Overlord  
  120  10:20  Overlord  
  130  10:23  Roach  
  130  10:26  Roach  
  130  10:27  Roach  
  136  10:33  Overlord  
  131  10:38  Nydus Canal  
  131  10:41  Roach  
  131  10:42  Roach  
  135  10:44  Roach x3  
  135  10:45  Roach x2  
  145  10:56  Nydus Canal  
  139  10:57  Roach x3  
  139  11:01  Roach x3  
  128  11:04  Roach  
  128  11:08  Roach  
  120  11:13  Roach x2  
  105  11:20  Spore Crawler  
  105  11:21  Spore Crawler  
  105  11:25  Spore Crawler x2  
  100  11:28  Roach x2  
  103  11:38  Roach x4  
  103  11:39  Roach  
  103  11:40  Roach  
Show
View Real Time Build Order
Export as new Build Order

Reynor Zerg 

Build Orders: Hatch First 

Get SALT Encoding   

  12  0:00  Drone  
  13  0:12  Overlord  
  13  0:17  Drone  
  14  0:30  Drone x2  
  16  0:48  Hatchery  
  15  0:52  Drone  
  15  0:55  Drone  
  17  0:58  Drone  
  18  1:09  Extractor  
  17  1:14  Spawning Pool  
  17  1:17  Drone  
  17  1:20  Drone  
  18  1:27  Drone  
  19  1:38  Drone  
  20  1:49  Drone  
  21  1:59  Overlord  
  21  2:01  Zergling x2, Queen x2  
  26  2:08  Metabolic Boost  
  26  2:10  Drone  
  26  2:11  Drone  
  28  2:21  Drone x2  
  30  2:33  Hatchery  
  30  2:35  Drone  
  30  2:38  Drone  
  30  2:43  Drone  
  32  2:44  Drone  
  32  2:50  Baneling Nest  
  32  2:54  Zergling x2  
  32  2:55  Overlord  
  33  3:02  Queen  
  33  3:04  Drone  
  36  3:15  Zergling x4, Drone x3  
  36  3:16  Zergling x2  
  42  3:22  Zergling x2  
  42  3:23  Overlord  
  42  3:25  Drone  
  44  3:32  Evolution Chamber  
  44  3:34  Baneling  
  43  3:35  Drone  
  43  3:39  Overlord  
  44  3:43  Lair  
  44  3:45  Drone x2  
  44  3:47  Drone  
  46  3:55  Drone x3  
  49  3:57  Drone x2  
  51  4:03  Drone  
  54  4:10  Drone x2  
  54  4:11  Roach Warren  
  54  4:12  Extractor  
  54  4:13  Extractor  
  54  4:14  Overlord  
  51  4:17  Drone x2  
  51  4:21  Drone x2  
  51  4:24  Drone x2  
  57  4:25  Drone  
  57  4:27  Drone  
  57  4:28  Drone  
  57  4:29  Drone  
  61  4:33  Drone x2  
  63  4:38  Overlord  
  63  4:42  Drone x2  
  63  4:43  Drone  
  66  4:48  Extractor  
  66  4:49  Extractor  
  66  4:50  Zergling x4  
  65  4:53  Baneling x2  
  65  4:55  Roach x4  
  65  4:57  Spine Crawler  
  65  4:58  Zergling x2  
  73  5:01  Zergling x2, Roach  
  77  5:07  Spine Crawler, Roach  
  77  5:08  Zergling x2, Roach  
  77  5:12  Baneling x3  
  77  5:13  Zergling x2  
  81  5:15  Overlord  
  81  5:16  Overlord  
  81  5:21  Baneling  
  76  5:30  Roach  
  76  5:31  Zergling x4, Roach x5  
  76  5:33  Zergling x2  
  77  5:37  Roach  
  77  5:38  Roach  
  77  5:41  Roach x2  
  85  5:45  Ravager  
  85  5:47  Queen  
  85  5:49  Roach  
  90  5:53  Roach x2  
  90  5:54  Baneling x2  
  94  6:00  Zergling x2  
  94  6:02  Queen  
  95  6:05  Zergling x4  
  89  6:12  Zergling x4  
  89  6:17  Zergling x2  
  81  6:21  Baneling  
  79  6:30  Spire  
  79  6:32  Baneling x3  
  76  6:35  Roach Warren  
  76  6:37  Drone x2, Queen  
  79  6:40  Drone  
  79  6:42  Drone  
  79  6:43  Drone  
  82  6:48  Drone  
  82  6:49  Drone x2  
  82  6:53  Drone  
  86  6:56  Drone x2  
  86  6:59  Overlord  
  88  7:08  Drone x3  
  90  7:14  Extractor  
  90  7:22  Drone  
  91  7:27  Overlord  
  91  7:36  Drone  
  92  7:37  Drone x3  
  92  7:40  Overlord  
  92  7:42  Mutalisk  
  97  7:44  Overlord x2  
  97  7:46  Mutalisk x4  
  97  7:49  Ravager  
  106  7:52  Overlord  
  105  7:59  Roach x4  
  105  8:02  Zergling x2, Overlord  
  105  8:04  Roach  
  105  8:05  Zergling x2  
  116  8:07  Ravager  
  120  8:12  Roach  
  120  8:13  Roach  
  120  8:16  Ravager x2  
  120  8:17  Ravager x2  
  115  8:27  Roach x3  
  115  8:33  Roach  
  114  8:36  Roach  
  114  8:40  Roach x2  
  114  8:41  Roach  
  113  8:43  Roach  
  113  8:45  Glial Reconstitution  
  102  8:49  Zergling x4, Roach  
  84  9:14  Evolution Chamber  
  77  9:25  Hatchery  
  77  9:27  Mutalisk  
  77  9:28  Mutalisk x2  
  82  9:32  Mutalisk  
  82  9:35  Baneling x3  
  82  9:36  Baneling  
  84  9:40  Queen  
  84  9:45  Mutalisk  
  88  9:49  Zergling x6  
  91  9:54  Mutalisk  
  91  9:56  Zergling x2  
  94  10:01  Queen  
  94  10:03  Mutalisk  
  98  10:09  Overseer  
  98  10:16  Drone x2  
  98  10:17  Extractor  
  98  10:19  Mutalisk  
  101  10:28  Mutalisk  
  101  10:34  Roach x3  
  107  10:42  Roach  
  109  10:48  Mutalisk  
  111  10:52  Roach x2  
  111  10:59  Roach x3  
  94  11:06  Roach x2  
  94  11:10  Queen  
  89  11:11  Roach  
  89  11:17  Mutalisk  
  87  11:20  Roach  
  87  11:22  Zergling x2  
  86  11:28  Roach x2  
  68  11:40  Zergling x4  

Tags
 
Add a new tag
Caveats
  • Supply blocks, unpowered buildings, or Contaminate may cause inaccurate times.
  • Supply counts are checked every 10 seconds.